AoeStats
← AI

Black Forest

510566522Analyzed
4v4 RM · 1d ago on Oct 1, 2026· 41m 31s· 8 players
Game mode
Random Map
Map size
Large (8 player)
Population
200
Speed
Normal
Resources
Standard
Victory
Conquest
Starting age
Dark Age
Ending age
Imperial Age
RankedLock teamsTeams togetherTeam positionsShared explorationLock speedFull tech treeHidden civsTurbo modeCheats
Victory
Defeat
🇨🇳 Turks · China
886
+15
🇨🇳 Italians · China
870
+16
🇩🇪 Persians · Germany
864
+16
🇨🇳 Chinese · China
820
+18
🇹🇷 Wu · Türkiye
908
-17
🇬🇧 Hindustanis · United Kingdom
900
-18
🇪🇸 Spanish · Spain
849
-16
🇦🇹 Persians · Austria
806
-14
Makima
1:16 Loom
11:35 Feudal Age
12:01 Double-Bit Axe
12:01 Horse Collar
16:45 Castle Age
17:30 Town Watch
25:13 Bow Saw
26:48 Wheelbarrow
26:36 Gold Mining
26:47 Stone Mining
28:08 Caravan
28:35 Heavy Plow
29:24 Fortified Wall
32:43 Imperial Age
30:13 Treadmill Crane
31:03 Ballistics
30:37 Fletching
30:47 Padded Archer Armor
30:48 Scale Mail Armor
31:30 Silk Road
31:47 Squires
31:33 Arson
32:50 Hand Cart
33:05 Leather Archer Armor
32:56 Bodkin Arrow
33:32 Thumb Ring
34:06 Conscription
34:55 Chemistry
35:00 Elite Genoese Crossbowman
36:03 Conscription
36:02 Bracer
37:02 Ring Archer Armor
38:13 Pirotechnia
AI
13:03 Feudal Age
20:44 Castle Age
19:33 Double-Bit Axe
29:27 Horse Collar
34:32 Imperial Age
36:00 Conscription
37:31 Wheelbarrow
39:03 Heavy Plow
39:18 Bow Saw
39:19 Padded Archer Armor
39:09 Fletching
39:23 Gold Mining
42:06 Leather Archer Armor
41:47 Bodkin Arrow
Jedda
3:32 Loom
11:58 Feudal Age
17:42 Castle Age
16:18 Double-Bit Axe
16:37 Horse Collar
23:36 Wheelbarrow
25:20 Hand Cart
28:27 Scale Barding Armor
30:42 Chain Barding Armor
31:39 Forging
31:57 Caravan
35:17 Imperial Age
34:52 Ballistics
35:29 Iron Casting
34:45 Town Watch
35:45 Masonry
35:58 Conscription
36:03 Kamandaran
36:37 Fletching
36:20 Crossbowman
36:38 Elite War Elephant
37:50 Bow Saw
37:45 Heavy Plow
39:11 Padded Archer Armor
39:06 Bodkin Arrow
41:23 Architecture
gongyi528
12:26 Feudal Age
10:42 Loom
13:36 Double-Bit Axe
13:42 Gold Mining
13:33 Horse Collar
17:07 Castle Age
18:22 Gold Shaft Mining
22:45 Imperial Age
20:28 Bow Saw
20:50 Heavy Plow
21:26 Padded Archer Armor
22:23 Leather Archer Armor
23:44 Wheelbarrow
24:06 Ring Archer Armor
33:26 Scale Barding Armor
34:16 Hand Cart
36:50 Capped Ram
41:28 Chain Barding Armor
41:20 Forging
42:30 Ballistics
Doofy69
10:36 Feudal Age
14:23 Castle Age
12:37 Double-Bit Axe
12:33 Horse Collar
15:27 Bow Saw
15:17 Heavy Plow
16:56 Loom
20:13 Wheelbarrow
20:50 Town Watch
23:04 Stone Mining
25:31 Hand Cart
27:00 Gold Mining
27:30 Squires
30:38 Imperial Age
28:30 Padded Archer Armor
28:35 Scale Mail Armor
28:45 Forging
28:41 Grand Trunk Road
30:06 Chain Mail Armor
29:56 Husbandry
30:06 Bloodlines
31:12 Iron Casting
30:43 Scale Barding Armor
30:49 Heavy Camel Rider
32:32 Elite Ghulam
33:34 Conscription
33:43 Imperial Camel Rider
34:50 Imperial Camel Rider
39:54 Blast Furnace
39:15 Chain Barding Armor
squeezecheese21
1:22 Loom
13:59 Feudal Age
14:41 Horse Collar
14:48 Double-Bit Axe
15:49 Stone Mining
15:59 Gold Mining
18:50 Wheelbarrow
22:06 Castle Age
20:47 Bloodlines
23:09 Bow Saw
23:01 Heavy Plow
24:43 Gold Shaft Mining
24:20 Caravan
24:58 Husbandry
32:39 Coinage
32:56 Forging
32:46 Scale Mail Armor
34:23 Iron Casting
37:33 Scale Barding Armor
Bo Binci
7:58 Loom
8:22 Loom
13:24 Feudal Age
18:08 Castle Age
16:01 Horse Collar
16:09 Double-Bit Axe
18:02 Stone Mining
18:04 Gold Mining
19:44 Heavy Plow
19:57 Bow Saw
20:32 Gold Shaft Mining
22:04 Stone Shaft Mining
28:39 Imperial Age
25:58 Town Watch
27:25 Ballistics
27:07 Fletching
30:13 Wheelbarrow
30:41 Chemistry
29:44 Town Patrol
30:19 Crop Rotation
30:53 Two-Man Saw
30:31 Bodkin Arrow
30:46 Forging
31:40 Hand Cart
32:55 Murder Holes
33:10 Masonry
33:13 Scale Barding Armor
34:50 Iron Casting
34:16 Padded Archer Armor
33:43 Pikeman
34:55 Conscription
34:47 Citadels
35:27 Caravan
36:20 Kamandaran
37:46 Architecture
37:33 Leather Archer Armor
37:19 Scale Mail Armor
38:04 Hoardings
37:00 Sappers
36:55 Crossbowman
39:26 Thumb Ring
40:17 Block Printing
Guty
0:30 Loom
11:13 Feudal Age
13:02 Wheelbarrow
12:15 Double-Bit Axe
18:59 Castle Age
17:07 Gold Mining
18:44 Stone Mining
18:59 Horse Collar
19:58 Bow Saw
22:08 Caravan
23:58 Stone Shaft Mining
31:13 Imperial Age
29:14 Scale Barding Armor
29:05 Fletching
30:59 Hand Cart
30:31 Town Watch
30:47 Pikeman
31:28 Squires
32:18 Chain Barding Armor
32:33 Conscription
33:41 Two-Man Saw
33:22 Ballistics
34:49 Chemistry
33:28 Cavalier
34:11 Husbandry
34:24 Bloodlines
35:01 Forging
35:19 Paladin
37:11 Plate Barding Armor
38:03 Iron Casting
40:21 Blast Furnace
39:16 Bodkin Arrow
39:22 Padded Archer Armor
40:03 Scale Mail Armor
Connection lost

Rejoining the realm…

Still unreachable

The connection could not be restored.

Session expired

The server has moved on; the page needs a fresh start.